Map: 포트 알렉산더 - 래더

Players

dark - Winner!

  • Race: Zerg Zerg
  • Spawn Location: 11:00

Leenock

  • Race: Zerg Zerg
  • Spawn Location: 5:00

Event: IEM Season 13: Katowice (2019)

VOD

Have the link to the VOD?

Description

Time

  • Played on: Feb. 28, 2019, 9:52 a.m.
  • Length: 3:41

All games in this series

Show
View Real Time Build Order
Export as new Build Order

dark Zerg - Winner!

Build Orders: Hatch First 

Get SALT Encoding   

  12  0:00  Drone  
  13  0:12  Overlord  
  13  0:18  Drone  
  14  0:31  Drone x2  
  14  0:35  Drone  
  17  0:51  Hatchery  
  17  0:55  Drone  
  17  0:58  Drone  
  18  1:09  Extractor  
  17  1:14  Spawning Pool  
  17  1:16  Drone  
  17  1:20  Drone  
  18  1:28  Drone  
  19  1:39  Drone  
  20  1:50  Overlord  
  20  2:03  Queen x2  
  20  2:04  Drone x2  
  26  2:09  Metabolic Boost  
  26  2:12  Zergling x2  
  26  2:14  Zergling x2  
  28  2:25  Drone  
  28  2:28  Drone  
  30  2:33  Drone, Baneling Nest  
  30  2:39  Drone  
  31  2:46  Overlord  
  31  2:50  Drone  
  32  2:56  Hatchery  
  32  2:57  Zergling x2  
  32  3:00  Zergling x2  
  33  3:10  Zergling x6  
  36  3:13  Zergling x4  
  36  3:17  Baneling  
  36  3:18  Baneling x3  
Show
View Real Time Build Order
Export as new Build Order

Leenock Zerg 

Build Orders: Pool First 

Get SALT Encoding   

  12  0:00  Drone  
  13  0:12  Overlord  
  13  0:18  Drone  
  14  0:30  Drone x2  
  16  0:41  Spawning Pool  
  15  0:45  Drone  
  16  0:50  Extractor  
  16  0:51  Drone  
  16  1:13  Hatchery  
  15  1:28  Zergling x6  
  18  1:37  Queen  
  20  1:47  Overlord  
  20  1:57  Metabolic Boost  
  20  2:01  Zergling x2  
  20  2:06  Zergling x2  
  22  2:14  Zergling x2  
  23  2:21  Baneling Nest  
  22  2:23  Zergling x2  
  22  2:29  Zergling x2  
  24  2:32  Zergling x2  
  25  2:39  Zergling x2  
  25  2:43  Zergling x2  
  27  2:49  Zergling x4  
  29  2:52  Zergling x2  
  30  2:59  Zergling x2  
  30  3:04  Baneling x3  
  31  3:06  Baneling  
  31  3:13  Zergling x2  
  32  3:21  Overlord  
  32  3:24  Drone  

Tags
 
Add a new tag
Caveats
  • Supply blocks, unpowered buildings, or Contaminate may cause inaccurate times.
  • Supply counts are checked every 10 seconds.